 Dungeon Crawl Stone Soup version 0.17-a0-125-g34d91a1 (webtiles) character file.

1180 Ngotmuk the Slasher (level 8, -2/73 HPs)
             Began as a Deep Dwarf Fighter on Mar 23, 2015.
             Slain by an orc warrior
             ... wielding a +0 glaive
              (10 damage)
             ... on level 6 of the Dungeon.
             The game lasted 00:20:46 (4990 turns).

Ngotmuk the Slasher (Deep Dwarf Fighter)            Turns: 4990, Time: 00:20:47

Health: -2/73      AC: 11    Str: 28    XL:     8   Next: 18%
Magic:  7/7        EV:  8    Int:  8    God:
Gold:   283        SH: 11    Dex: 12    Spells: 0 memorised, 7 levels left

rFire  . . .     SeeInvis .     a - +1 long sword
rCold  + . .     Clarity  .     b - +0 scale mail
rNeg   . . .     SustAb   .     c - +0 shield
rPois  +         Gourm    .     x - +1 helmet
rElec  .         Spirit   .     (no cloak)
rCorr  +         Warding  .     u - +0 pair of gloves
rMut   .         Stasis   .     (no boots)
MR     +....                    t - amulet of resist corrosion
Stlth  ..........               l - ring of poison resistance
                                A - ring of protection from cold

@: mighty, non-regenerating, somewhat resistant to hostile enchantments,
extremely unstealthy
A: damage resistance, recharge devices, sense surroundings 1, slow healing 3
a: Device Recharging


You were on level 6 of the Dungeon.
You were not hungry.

You visited 2 branches of the dungeon, and saw 7 of its levels.

You collected 283 gold pieces.

Inventory:

Hand weapons
 a - a +1 long sword (weapon)
Armour
 b - a +0 scale mail (worn)
 c - a +0 shield (worn)
 u - a +0 pair of gloves (worn)
 x - a +1 helmet (worn)
Jewellery
 l - a ring of poison resistance (right hand)
 r - an uncursed ring of magical power
 t - an amulet of resist corrosion (around neck)
 z - an uncursed ring of flight
 A - a ring of protection from cold (left hand)
 B - an uncursed amulet of resist mutation
Magical devices
 d - a wand of heal wounds (0)
Scrolls
 h - 5 scrolls of identify
 i - 2 scrolls of enchant armour
 n - a scroll of amnesia
 o - a scroll of remove curse
 y - a scroll of teleportation
Potions
 e - a potion of might
 j - 2 potions of magic
 k - a potion of berserk rage {unknown}
 m - 3 potions of curing
 q - 2 potions of restore abilities
 w - 2 potions of resistance
Comestibles
 f - 4 bread rations
 g - a slice of pizza


   Skills:
 + Level 4.5 Fighting
 * Level 7.1 Long Blades
 + Level 5.6 Armour
 + Level 5.2 Shields


You had 7 spell levels left.
You didn't know any spells.

Dungeon Overview and Level Annotations

Branches:
Dungeon (6/15)             Temple (1/1) D:5

Altars:
Ashenzari
Cheibriados
Dithmenos
Elyvilon
Fedhas
Gozag
Kikubaaqudgha
Makhleb
Nemelex Xobeh
Okawaru
Qazlal
Sif Muna
Trog
Vehumet
Xom
Yredelemnul
Zin
The Shining One


Innate Abilities, Weirdness & Mutations

You are resistant to damage.
You can recharge devices by infusing magical energy.
You passively map a small area around you.
You do not heal naturally.


Message History

The hound is severely wounded.
The hound barely misses you. The hound bites you.
* * * LOW HITPOINT WARNING * * *
You hit the hound.
The hound is almost dead.
The hound bites you.
* * * LOW HITPOINT WARNING * * *
The hound bites you but does no damage.
Your scale mail prevents you from hitting the hound.
The hound is almost dead.
The hound completely misses you.
You barely miss the hound.
The hound is almost dead.
The hound barely misses you. The hound bites you but does no damage.
You slash the hound!
You kill the hound!
You feel very mighty all of a sudden. The scorpion closely misses you.
The orc warrior hits you from afar with a glaive!
You die...

### ##)..##
### #..#
#..### #.#
*#..##..# ##.
*#.....# #..
##.†.## #..
#...# #..
##...# #..
#..#.# ###.
##@#### ###...
##s## #.....
#o## *### *
*#..... #.# ..
#.#### #†# .#
.# ### #
#.####.##..##.
##[#.'........
#.#.'.o.!$...
#...#.##..##,


You could see an orc warrior and a scorpion.

Vanquished Creatures
  A phantom (D:6)
  An ogre (D:4)
  Blork the orc (D:6)
  A scorpion (D:6)
  A centaur zombie (D:5)
  2 gnoll shamans (D:4)
  A hound (D:6)
  An orc priest (D:5)
  2 centaur skeletons
  A giant frog skeleton (D:5)
  9 worker ants
  2 iguanas (D:4)
  2 orc wizards
  13 gnolls
  7 adders
  2 giant mites
  A worm (D:3)
  An adder zombie (D:6)
  An adder skeleton (D:5)
  4 giant geckos
  2 oozes (D:1)
  8 orcs
  A ball python (D:5)
  A bat skeleton (D:5)
  19 goblins
  10 hobgoblins
  A jackal (D:6)
  15 bats
  8 giant cockroaches
  2 giant gecko skeletons
  4 giant newts
  11 kobolds
  A quokka (D:2)
  17 rats
154 creatures vanquished.

Notes
Turn   | Place    | Note
--------------------------------------------------------------
     0 | D:1      | Ngotmuk, the Deep Dwarf Fighter, began the quest for the Orb.
     0 | D:1      | Reached XP level 1. HP: 20/20 MP: 1/1
   188 | D:1      | Reached XP level 2. HP: 24/27 MP: 2/2
   483 | D:1      | Reached XP level 3. HP: 26/33 MP: 3/3
   850 | D:2      | Reached skill level 4 in Long Blades
   929 | D:2      | Found a glowing silver altar of Zin.
   929 | D:2      | Found a shattered altar of Ashenzari.
  1087 | D:2      | Reached XP level 4. HP: 26/40 MP: 4/4
  1396 | D:3      | Found a shadowy altar of Dithmenos.
  1489 | D:3      | Reached XP level 5. HP: 47/49 MP: 5/5
  1996 | D:4      | Noticed an ogre
  2004 | D:4      | Killed an ogre
  2004 | D:4      | Reached skill level 5 in Long Blades
  2004 | D:4      | Reached XP level 6. HP: 14/56 MP: 6/6
  2723 | D:4      | Reached XP level 7. HP: 22/63 MP: 7/7
  3191 | D:4      | Reached skill level 6 in Long Blades
  3208 | D:5      | Entered Level 5 of the Dungeon
  3233 | D:5      | Found a glowing golden altar of the Shining One.
  3274 | D:5      | Found a staircase to the Ecumenical Temple.
  3285 | Temple   | Entered the Ecumenical Temple
  3474 | D:5      | Reached skill level 5 in Armour
  3789 | D:5      | Found a glowing golden altar of the Shining One.
  3979 | D:6      | Reached skill level 5 in Shields
  4218 | D:6      | Reached XP level 8. HP: 64/73 MP: 7/7
  4417 | D:6      | Got a pitted rapier
  4418 | D:6      | Identified the +6 rapier "Twoigil" {freeze, rF+ MR+ Int+4} (You found it on level 6 of the Dungeon)
  4571 | D:6      | Noticed Blork the orc
  4585 | D:6      | Killed Blork the orc
  4585 | D:6      | Reached skill level 7 in Long Blades
  4686 | D:6      | Found a blossoming altar of Fedhas.
  4687 | D:6      | Found a basalt altar of Yredelemnul.
  4990 | D:6      | Slain by an orc warrior

Action                   |  1- 3 |  4- 6 |  7- 9 || total
-------------------------+-------+-------+-------++-------
Melee: Long sword        |   149 |   271 |   214 ||   634
 Abil: Device Recharging |       |       |     1 ||     1
Evoke: Wand              |       |     5 |     5 ||    10
  Use: Scroll            |       |     9 |     6 ||    15
       Potion            |       |     2 |     4 ||     6
  Eat: Royal jelly       |       |     1 |       ||     1
       Beef jerky        |       |     1 |       ||     1
       Meat ration       |       |     1 |     1 ||     2
       Fruit             |       |       |     5 ||     5
